 Dungeon Crawl Stone Soup version 0.29.1-12-g30fa7ad0bf (webtiles) character file.

Game seed: 17441387408052864232

6 wormed the Sneak (level 1, -2/18 HPs)
             Began as a Demigod Delver on Dec 28, 2022.
             Slain by an adder (4 damage)
             ... on level 2 of the Dungeon.
             The game lasted 00:02:46 (657 turns).

wormed the Sneak (Demigod Delver)                    Turns: 657, Time: 00:02:47

Health: -2/18      AC:  3    Str: 13    XL:     1   Next: 60%
Magic:  3/3        EV: 12    Int: 12    God:
Gold:   49         SH:  0    Dex: 15    Spells: 0/0 levels left

rFire   + . .      SeeInvis .   a - +0 falchion
rCold   + . .      Faith    .   (no shield)
rNeg    . . .      Spirit   .   b - +0 leather armour
rPois   +          Reflect  .   (no helmet)
rElec   +          Harm     .   (no cloak)
rCorr   +          Rampage  .   (no gloves)
Will    .....                   (no boots)
Stlth   +++.......              (no amulet)
HPRegen 0.06/turn               (no ring)
MPRegen 0.08/turn               (no ring)

@: mighty, resistant
A: high MP 1, forlorn, divine attributes
a: no special abilities


You were on level 2 of the Dungeon.
You visited 1 branch of the dungeon, and saw 4 of its levels.

You collected 49 gold pieces.

Inventory:

Hand Weapons
 a - a +0 falchion (weapon)
Armour
 b - a +0 leather armour (worn)
Jewellery
 i - a ring of fire
Wands
 g - a wand of digging (2)
Scrolls
 d - a scroll of teleportation {unknown}


   Skills:
 + Level 2.7 Fighting
 * Level 2.0 Long Blades
 + Level 1.9 Dodging
 + Level 4.5 Stealth


You couldn't memorise any spells.
You didn't know any spells.
Your spell library was empty.

Dungeon Overview and Level Annotations

Branches:
Dungeon (5/15)             Temple (0/1) D:4

Annotations:
D:4 Grinder


Innate Abilities, Weirdness & Mutations

You have an increased reservoir of magic. (+10% MP)
You shall have no god before yourself.
Your divine heritage dramatically boosts your attributes as you level up.


Message History

You are too injured to fight recklessly!
You are too injured to fight recklessly!
You are too injured to fight recklessly!
You are too injured to fight recklessly!
You are too injured to fight recklessly!
You are too injured to fight recklessly!
You are too injured to fight recklessly!
You are too injured to fight recklessly!
You are too injured to fight recklessly!
You are too injured to fight recklessly!
You are too injured to fight recklessly!
Unknown command.
As you read the scroll of fear, it crumbles to dust.
You assume a fearsome visage.
The hobgoblin looks frightened!
The adder looks frightened!
* * * LOW HITPOINT WARNING * * *
You feel sick.
It was a potion of might.
You feel very mighty all of a sudden.
* * * LOW HITPOINT WARNING * * *
You feel sick.
It was a potion of resistance.
You feel protected.
* * * LOW HITPOINT WARNING * * *
You feel sick.
You are no longer poisoned.
There is an open door here.
The hobgoblin throws a stone.
The stone closely misses you.
The hobgoblin throws a stone.
The stone misses you.
The adder enters a dispersal trap!
The hobgoblin blinks!
You blink.
The adder blinks!
The adder barely misses you.
As you read the scroll of fog, it crumbles to dust.
The scroll dissolves into smoke.
The adder bites you but does no damage. The adder barely misses you.
The adder bites you.
* * * LOW HITPOINT WARNING * * *
There is an open door here.
The adder attacks as you move away! The adder bites you.
You die...

########## #........# ### #....#
#§§§§....# #.. #....# #§§§.....#
#.( #....#
##########§§§§....#####..
##....###......)@S§§.....^'§.....
......##..########........#.....!
......+...# #........#......
......#.### #........#####..
...[##..##### ####....## #..
..>........... #....# ####..
############## #....#.......
######.....## #..... #


You could see an adder.

Vanquished Creatures
  An orc (D:3)
  A bat (D:2)
  A ball python (D:2)
  A frilled lizard (D:2)
  A kobold (D:2)
  A rat (D:2)
6 creatures vanquished.

Vanquished Creatures (others)
  2 fungi (D:2)
  A plant (D:2)
3 creatures vanquished.

Grand Total: 9 creatures vanquished

Notes
Turn   | Place    | Note
-------+----------+-------------------------------------------
     0 | D:5      | wormed the Demigod Delver began the quest for the Orb.
     0 | D:5      | Reached XP level 1. HP: 18/18 MP: 3/3
    68 | D:4      | Noticed an iguana
    68 | D:4      | Noticed an ice beast
    68 | D:4      | Found a staircase to the Ecumenical Temple.
    82 | D:4      | Noticed a black bear
    85 | D:4      | Noticed Grinder
   102 | D:4      | Noticed an iguana
   410 | D:5      | Noticed a centaur
   503 | D:4      | Noticed an orc priest
   503 | D:4      | Noticed an orc priest
   657 | D:2      | Slain by an adder

Illustrated notes

Levels and vault maps discovered:
D:2:      cheibrodos_helix_gallery, layout_basic,
          shapermc_ecumenical_altar_mp_urbaneastern, serial_corexii_hall,
          chequers_hall_statues_corner_a, chequers_hall_statues_corner_a,
          uniq_crazy_yiuf_cottage
D:3:      minmay_door_path, layout_loops_corners, chequers_serial_rivers_small_3
D:4:      layout_gridville, nemelex_dance_club_becter, minmay_temple_entry_grid,
          gammafunk_ghost_arena, grunt_ministairs_9, uniq_grinder
D:5:      layout_loops_corners, serial_rivers, chequers_serial_rivers_room_b,
          chequers_serial_rivers_micro_d, chequers_serial_rivers_micro_a,
          chequers_serial_rivers_large_a, chequers_serial_rivers_micro_c,
          chequers_serial_rivers_micro_e

Skill      XL: |  1 |
---------------+----+-----
Long Blades    | 2 |  2.0
Fighting       | |  2.7
Dodging        | |  1.9
Stealth        | |  4.5

Action                   || total
-------------------------++-------
Melee: Falchion          ||    13
Evoke: Wand              ||     1
  Use: Scroll            ||     3
       Potion            ||     3
Armor: Leather armour    ||     9
Dodge: Dodged            ||    19
